 Dungeon Crawl Stone Soup version 0.21.1-1-g345015f (webtiles) character file.

210 VLARC the Skirmisher (level 5, -6/50 HPs)
             Began as a Hill Orc Fighter on Mar 19, 2018.
             Was an Initiate of Beogh.
             Splashed by Ijyb's acid (10 damage)
             ... on level 3 of the Dungeon.
             The game lasted 00:04:09 (2049 turns).

VLARC the Skirmisher (Hill Orc Fighter)             Turns: 2049, Time: 00:04:11

Health: -6/50      AC: 11    Str: 20    XL:     5   Next: 88%
Magic:  5/5        EV:  5    Int:  8    God:    Beogh [......]
Gold:   122        SH:  9    Dex: 10    Spells: 4/4 levels left

rFire    . . .     SeeInvis .   a - +0 war axe
rCold    . . .     Gourm    .   c - +0 shield
rNeg     . . .     Faith    .   k - +0 chain mail
rPois    .         Spirit   .   (no helmet)
rElec    .         Reflect  .   s - +0 cloak
rCorr    .         Harm     .   e - +0 pair of gloves
MR       .....                  (no boots)
Stlth    ..........             (no amulet)
HPRegen  0.16/turn              (no ring)
MPRegen  0.09/turn              (no ring)

@: no status effects
A: no striking features
a: Renounce Religion


You were on level 3 of the Dungeon.
You worshipped Beogh.
Beogh was noncommittal.
You were not hungry.

You visited 1 branch of the dungeon, and saw 3 of its levels.

You collected 122 gold pieces.

Inventory:

Hand Weapons
 a - a +0 war axe (weapon)
Armour
 b - a +0 plate armour
 c - a +0 shield (worn)
 e - a +0 pair of gloves (worn)
 k - a +0 chain mail (worn)
 s - a +0 cloak (worn)
Scrolls
 h - 2 scrolls of amnesia {unknown}
 j - a scroll of identify {unknown}
 m - a scroll of fear {unknown}
 o - a scroll of teleportation {unknown}
 q - a scroll of noise {unknown}
 r - 2 scrolls of remove curse {unknown}
 t - a scroll of immolation {unknown}
Potions
 d - a potion of might
 g - a potion of brilliance {unknown}
 i - a potion of lignification {unknown}
 l - 2 potions of curing {unknown}
 n - a potion of flight {unknown}
 p - a potion of heal wounds {unknown}
 u - a potion of agility {unknown}
Comestibles
 f - 6 rations
 v - 2 chunks of flesh


   Skills:
 + Level 6.0 Fighting
 + Level 5.8 Axes
 - Level 3.2 Armour
 - Level 3.2 Shields


You had 4 spell levels left.
You didn't know any spells.

Dungeon Overview and Level Annotations

Branches:
Dungeon (3/15)

Altars:
Gozag

Annotations:
D:3 Ijyb


Message History

The acid burns!
It is a wand of acid (7).
You closely miss Ijyb.
Ijyb is heavily wounded.
You block Ijyb's attack.
You completely miss Ijyb.
Ijyb is heavily wounded.
Ijyb hits you. x2
You hit Ijyb but do no damage.
Ijyb is heavily wounded.
Ijyb hits you but does no damage.
You closely miss Ijyb.
Ijyb is heavily wounded.
You block Ijyb's attack.
You slash Ijyb!
Ijyb is almost dead.
Ijyb zaps a wand.
The bolt of acid hits you!
Ouch! That really hurt!
* * * LOW HITPOINT WARNING * * *
You are splashed with acid!
The acid burns!
You die...

#.# #.. #.# #.#### ######### #.#
#.#... ........# #†# #.#.#.
#.#########.#########.# #.#.#.
#.....................#####.#.#.
#######†.........................
...............#############.#.#.
.#.....>........@g...............
##.########...#############.#...
#.#### ##### #...# #.#.## #....#
#...# #.#.## ####.# #...# #.#.#
#.# #...# #.#.# #.# #...# #.#.#
#.# #...# #.#.## #.##### #...#
#.#.#.


You could see Ijyb.

Vanquished Creatures
  A centaur (D:2)
  Terence (D:3)
  2 adders (D:2)
  2 oozes (D:1)
  2 worms (D:2)
  A dart slug (D:2)
  2 leopard geckos (D:3)
  3 giant cockroaches (D:1)
  5 goblins
  13 hobgoblins
  3 jackals (D:2)
  6 kobolds
  2 quokkas (D:2)
  2 ball pythons
  5 bats
  6 frilled lizards
  13 rats
69 creatures vanquished.

Vanquished Creatures (others)
  An orc priest (D:3)
  3 orcs (D:3)
  2 rats (D:3)
6 creatures vanquished.

Grand Total: 75 creatures vanquished

Notes
Turn   | Place    | Note
-------+----------+-------------------------------------------
     0 | D:1      | VLARC the Hill Orc Fighter began the quest for the Orb.
     0 | D:1      | Reached XP level 1. HP: 19/19 MP: 1/1
    62 | D:1      | Reached skill level 4 in Fighting
    62 | D:1      | Reached XP level 2. HP: 25/27 MP: 2/2
   245 | D:1      | Reached XP level 3. HP: 28/34 MP: 3/3
   788 | D:2      | Reached XP level 4. HP: 41/41 MP: 4/4
   817 | D:2      | Reached skill level 5 in Fighting
   938 | D:2      | Found an opulent altar of Gozag.
  1094 | D:2      | Noticed a centaur
  1107 | D:2      | Killed a centaur
  1107 | D:2      | Reached skill level 5 in Axes
  1107 | D:2      | Reached XP level 5. HP: 20/50 MP: 5/5
  1610 | D:3      | Noticed Terence
  1618 | D:3      | Killed Terence
  1728 | D:3      | Became a worshipper of Beogh the Brigand
  1932 | D:3      | Reached skill level 6 in Fighting
  2038 | D:3      | Noticed Ijyb
  2049 | D:3      | Splashed by Ijyb's acid

Skill      XL: |  1  2  3  4  5 |
---------------+----------------+-----
Axes           | 3 4 5 |  5.8
Fighting       | 4 5 6 |  6.0
Armour         | |  3.2
Shields        | |  3.2

Action                   |  1- 3 |  4- 6 || total
-------------------------+-------+-------++-------
Melee: War axe           |   109 |   102 ||   211
Invok: Convert to Beogh  |       |     1 ||     1
  Eat: Chunk             |       |     4 ||     4
Armor: Scale mail        |    17 |       ||    17
       Chain mail        |    10 |    69 ||    79
Dodge: Dodged            |    37 |    23 ||    60
Block: Shield            |    54 |    53 ||   107
